 Dungeon Crawl Stone Soup version 0.19.4-9-g45fd643 (webtiles) character file.

75 JeffiDaFish the Stinger (level 4, -3/24 HPs)
             Began as a Gargoyle Venom Mage on Feb 16, 2017.
             Was an Initiate of Vehumet.
             Slain by Sigmund
             ... wielding a cursed -3 scythe
              (6 damage)
             ... on level 2 of the Dungeon.
             The game lasted 00:05:34 (2037 turns).

JeffiDaFish the Stinger (Gargoyle Venom Mage)       Turns: 2037, Time: 00:05:34

Health: -3/24      AC:  9    Str: 14    XL:     4   Next: 31%
Magic:  6/7        EV: 11    Int: 16    God:    Vehumet [......]
Gold:   98         SH:  0    Dex: 11    Spells: 2 memorised, 4 levels left

rFire  . . .     SeeInvis .     j - +0 mace
rCold  . . .     Gourm    .     f - +0 leather armour
rNeg   + . .     Faith    .     (no shield)
rPois  ∞         Spirit   .     d - +1 helmet
rElec  +         Reflect  .     i - +0 cloak (curse)
rCorr  .         Harm     .     (no gloves)
MR     .....                    (no boots)
Stlth  ++........               (no amulet)
                                (no ring)
                                a - +3 ring of strength

@: no status effects
A: negative energy resistance 1, electricity resistance, unbreathing,
petrification resistance, rot immunity, AC +3
a: Renounce Religion


You were on level 2 of the Dungeon.
You worshipped Vehumet.
Vehumet was noncommittal.
You were near starving.

You visited 1 branch of the dungeon, and saw 2 of its levels.

You collected 98 gold pieces.

Inventory:

Hand Weapons
 j - a +0 mace (weapon)
Armour
 d - a +1 helmet (worn)
 f - a +0 leather armour (worn)
 i - a cursed +0 cloak (worn)
Jewellery
 a - a +3 ring of strength (left hand)
Potions
 e - 4 potions of heal wounds
Books
 b - a Young Poisoner's Handbook

   Spells                             Type                      Level
   a - Sting                          Conjuration/Poison           1
   b - Mephitic Cloud                 Conjuration/Poison/Air       3
   c - Olgreb's Toxic Radiance        Poison                       4
   d - Alistair's Intoxication        Transmutation/Poison         5
   e - Venom Bolt                     Conjuration/Poison           5
Comestibles
 c - 3 bread rations
 g - a beef jerky
 h - a royal jelly


   Skills:
 + Level 0.4 Fighting
   Level 0.3 Short Blades
 + Level 0.0 Maces & Flails
 + Level 1.7 Dodging
 + Level 2.2 Stealth
 * Level 2.5 Spellcasting
 * Level 0.9 Conjurations
 + Level 0.4 Air Magic
 + Level 4.8 Poison Magic


You had 4 spell levels left.
You knew the following spells:

 Your Spells              Type           Power        Failure   Level  Hunger
a - Sting                 Conj/Pois      ##..         10%         1    #......
b - Mephitic Cloud        Conj/Pois/Air  #.......     34%         3    ###....


Dungeon Overview and Level Annotations

Branches:
Dungeon (2/15)

Altars:
Vehumet

Annotations:
D:2 Sigmund, Terence


Innate Abilities, Weirdness & Mutations

You are resistant to torment.
Your stone body is resilient. (AC +3)
You are immune to poison.
You resist negative energy. (rN+)
You are resistant to electric shocks. (rElec)
You can survive without breathing.
You are immune to petrification.
You are immune to rotting.


Message History

Sigmund hits you with a scythe.
You barely miss Sigmund.
Sigmund is severely wounded.
Sigmund misses you.
You hit Sigmund.
Sigmund is severely wounded.
Sigmund mumbles some strange words.
Sigmund flickers and vanishes!
Deactivating autopickup; reactivate with Ctrl-A.
You barely miss something.
You hear some strange, mumbled words.
A magic dart appears from out of thin air!
The magic dart hits you!
You hit something. Something hits you but does no damage.
You barely miss something. Something hits you but does no damage.
You barely miss something. Something hits you.
You closely miss something. Something hits you.
* * * LOW HITPOINT WARNING * * *
You hit something. Something hits you.
You die...

######.#### #.#.#
#...{.# #.#.#
#.##### #.#.# #.#
#.#.# #.### #.#.#
#...# #.#.# ###.#
#.#.# #.# #[@{# #.#
##.### #.#
#.†.#########.##
#.#............#
#...#########<.#
##.##
#######..##### #.#
#.............
#.####.#####.......
#......# #.#####.


There were no monsters in sight!

Vanquished Creatures
  Crazy Yiuf (D:2)
  An adder (D:2)
  A dart slug (D:1)
  2 giant cockroaches
  6 goblins
  2 hobgoblins (D:1)
  3 jackals (D:1)
  7 kobolds
  6 bats
  3 frilled lizards
  4 rats
36 creatures vanquished.

Notes
Turn   | Place    | Note
-------+----------+-------------------------------------------
     0 | D:1      | JeffiDaFish the Gargoyle Venom Mage began the quest for the Orb.
     0 | D:1      | Reached XP level 1. HP: 10/10 MP: 3/3
    87 | D:1      | Reached XP level 2. HP: 12/15 MP: 0/5
   575 | D:1      | Reached XP level 3. HP: 15/19 MP: 3/6
  1095 | D:2      | Found a radiant altar of Vehumet.
  1122 | D:2      | Became a worshipper of Vehumet
  1152 | D:2      | Noticed Sigmund
  1453 | D:1      | Learned a level 3 spell: Mephitic Cloud
  1484 | D:2      | Noticed Terence
  1806 | D:2      | Found a runed door.
  1810 | D:2      | Noticed Crazy Yiuf
  1825 | D:2      | Killed Crazy Yiuf
  1825 | D:2      | Reached XP level 4. HP: 16/24 MP: 4/7
  2037 | D:2      | Slain by Sigmund

Action                   |  1- 3 |  4- 6 || total
-------------------------+-------+-------++-------
Melee: Dagger            |    66 |       ||    66
       Unarmed           |     4 |       ||     4
       Short sword       |    35 |       ||    35
       Mace              |       |    29 ||    29
 Cast: Sting             |    48 |       ||    48
       Mephitic Cloud    |     1 |     1 ||     2
  Use: Potion            |     2 |       ||     2
       Scroll            |     2 |       ||     2
 Stab: Confused          |     2 |       ||     2
       Sleeping          |     1 |       ||     1
  Eat: Chunk             |     3 |       ||     3
Armor: Robe              |    29 |       ||    29
       Leather armour    |    18 |     3 ||    21
Dodge: Dodged            |    80 |     8 ||    88
